 Dungeon Crawl Stone Soup version 0.29-a0-392-g297d3b089c (webtiles) character file.

Game seed: 6452217682678225000

162761 spaghetti the Black Belt (level 17, -13/135 HPs)
             Began as a Gnoll Wanderer on May 8, 2022.
             Was an Elder of Cheibriados.
             Killed from afar by an ancient lich (54 damage)
             ... with a bolt of acid
             ... on level 3 of the Elven Halls.
             The game lasted 01:39:34 (37287 turns).

spaghetti the Black Belt (Gnoll Wanderer)          Turns: 37287, Time: 01:39:35

Health: -13/135    AC: 20    Str: 21    XL:     17   Next: 81%
Magic:  10/41      EV: 21    Int: 24    God:    Cheibriados [****..]
Gold:   1656       SH:  0    Dex: 28    Spells: 5/39 levels left

rFire   . . .      SeeInvis .   b - +9 shortbow (freeze) {bow}
rCold   . . .      Faith    .   (shield currently unavailable)
rNeg    + . .      Spirit   .   c - +4 scale mail of Xeyv {Slay+3}
rPois   .          Reflect  .   X - +2 hat "Evvakhlo" {rN+}
rElec   .          Harm     .   g - +2 cloak {Will+}
rCorr   .          Rampage  .   u - +0 pair of gloves {hurl}
Will    ++...                   (no boots)
Stlth   ++++......              Q - amulet of magic regeneration {@e2}
HPRegen 0.32/turn               N - ring of wizardry
MPRegen 0.67/turn               x - ring of magical power

@: death channelling (expiring), wereblooded (expiring), slowed, studying
Unarmed Combat, very slow
A: fangs 1, strong nose, distributed training, antennae 1, screaming 1
a: Renounce Religion, Bend Time, Temporal Distortion, Slouch


You were on level 3 of the Elven Halls.
You worshipped Cheibriados.
Cheibriados was greatly pleased with you.
You visited 5 branches of the dungeon, and saw 27 of its levels.
You also visited: Sewer.

You collected 2738 gold pieces.
You spent 1082 gold pieces at shops.


Innate Abilities, Weirdness & Mutations

You have very sharp teeth.
Your uncanny sense of smell can sniff out nearby items.
Your experience applies equally to all skills.
You have a pair of small antennae on your head.
You occasionally shout uncontrollably at your foes.


   Skills:
 + Level 12.7 Fighting
 + Level 11.9 Short Blades
 + Level 11.9 Long Blades
 + Level 11.9 Axes
 + Level 11.9 Maces & Flails
 + Level 11.9 Polearms
 + Level 11.9 Staves
 + Level 11.9 Slings
 + Level 12.7 Bows
 + Level 11.9 Crossbows
 + Level 11.9 Throwing
 + Level 13.5 Armour
 + Level 11.9 Dodging
 + Level 11.9 Stealth
 + Level 11.9 Shields
 + Level 16.2 Unarmed Combat
 + Level 11.9 Spellcasting
 + Level 10.1 Conjurations
 + Level 10.1 Hexes
 + Level 10.1 Summonings
 + Level 10.1 Necromancy
 + Level 10.1 Translocations
 + Level 10.1 Transmutations
 + Level 10.1 Fire Magic
 + Level 10.1 Ice Magic
 + Level 10.1 Air Magic
 + Level 10.1 Earth Magic
 + Level 10.1 Poison Magic
 + Level 13.2 Invocations
 + Level 12.7 Evocations


You had 5 spell levels left.
You knew the following spells:

 Your Spells              Type           Power      Damage    Failure   Level
a - Blade Hands           Tmut           29%        N/A       1%          5
b - Wereblood             Tmut           58%        N/A       1%          2
c - Death Channel         Necr           29%        N/A       9%          6
d - Animate Dead          Necr           29%        N/A       1%          4
e - Blink                 Tloc           100%       N/A       1%          2
f - Spider Form           Tmut/Pois      58%        N/A       1%          3
g - Manifold Assault      Tloc           58%        N/A       1%          5
h - Storm Form            Tmut/Air       29%        N/A       43%         7

Your spell library contained the following spells:

 Spells                   Type           Power      Damage    Failure   Level
 Beastly Appendage        Tmut           100%       N/A       1%          1
 Foxfire                  Conj/Fire      100%       2x1d9     1%          1
 Slow                     Hex            100%       N/A       1%          1
 Corpse Rot               Necr/Air       100%       N/A       1%          2
 Poisonous Vapours        Pois/Air       100%       N/A       1%          2
 Confusing Touch          Hex            58%        N/A       1%          3
 Conjure Flame            Conj/Fire      58%        6-21      1%          3
 Dazzling Flash           Conj/Hex       100%       N/A       1%          3
 Frozen Ramparts          Ice            100%       1d12      1%          3
 Inner Flame              Hex/Fire       58%        N/A       1%          3
 Lesser Beckoning         Tloc           58%        N/A       1%          3
 Mephitic Cloud           Conj/Pois/Air  58%        N/A       1%          3
 Portal Projectile        Hex/Tloc       100%       N/A       1%          3
 Stone Arrow              Conj/Erth      100%       3d13      1%          3
 Summon Guardian Golem    Hex/Summ       58%        N/A       1%          3
 Vampiric Draining        Necr           58%        2d10      1%          3
 Animate Armour           Summ/Erth      100%       N/A       1%          4
 Flame Wave               Conj/Fire      58%        2d11      1%          4
 Ice Form                 Ice/Tmut       58%        N/A       1%          4
 Summon Ice Beast         Ice/Summ       58%        N/A       1%          4
 Borgnjor's Vile Clutch   Necr/Erth      29%        N/A       1%          5
 Excruciating Wounds      Necr           29%        N/A       1%          5
 Yara's Violent Unravell  Hex/Tmut       29%        3d12      1%          5
 Enfeeble                 Hex            29%        N/A       43%         7
 Orb of Destruction       Conj           29%        9d9       43%         7
 Spellforged Servitor     Conj/Summ      29%        N/A       43%         7
 Lehudib's Crystal Spear  Conj/Erth      29%        10d8      97%         8

Inventory:

Hand Weapons
 b - a +9 shortbow of freezing (weapon) {bow}
   (You took it off a centaur on level 8 of the Dungeon)
 w - a +3 vampiric executioner's axe {axerare=g}
   (You subdued it on level 2 of the Elven Halls)
Missiles
 i - 696 stones {throwing}
 k - 5 boomerangs of dispersal {=f!fthrowing}
 o - 31 poisoned darts {throwing}
 E - 13 curare-tipped darts {=fthrowing}
 I - 5 javelins {throwing}
 M - a throwing net {=f!fthrowing}
 R - 2 silver javelins {throwing}
 U - 12 boomerangs {throwing}
Armour
 c - the +4 scale mail of Xeyv (worn) {Slay+3}
   (You took it off an orc on level 10 of the Dungeon)

   Slay:      It affects your accuracy & damage with ranged weapons and melee
   (+3).
 g - a +2 cloak of willpower (worn)
   (You took it off Maurice on level 13 of the Dungeon)
 u - a +0 pair of gloves of hurling (worn)
   (You found it on level 1 of the Lair of Beasts)
 X - the +2 hat "Evvakhlo" (worn) {rN+}
   (You acquired it on level 1 of the Lair of Beasts)

   rN:        It protects you from negative energy.
Jewellery
 x - a ring of magical power (right hand)
   (You found it on level 12 of the Dungeon)
 N - a ring of wizardry (left hand)
   (You found it on level 9 of the Dungeon)
 Q - an amulet of magic regeneration (around neck) {@e2}
   (You found it on level 6 of the Dungeon)
Wands
 s - a wand of digging (18)
   (You took it off Ijyb on level 3 of the Dungeon)
 C - a wand of acid (3)
   (You found it on level 15 of the Dungeon)
 J - a wand of mindburst (8)
   (You found it on level 5 of the Dungeon)
 P - a wand of iceblast (17)
   (You found it on level 1 of the Lair of Beasts)
 S - a wand of polymorph (12)
   (You found it on level 8 of the Dungeon)
 T - a wand of paralysis (7)
   (You found it on level 7 of the Dungeon)
 W - a wand of flame (40)
   (You found it on level 8 of the Dungeon)
Scrolls
 d - 2 scrolls of amnesia
 e - 12 scrolls of teleportation {@r4}
 h - 5 scrolls of poison {!r}
 p - 5 scrolls of magic mapping {!r}
 q - a scroll of enchant weapon
 r - 5 scrolls of enchant armour
 y - 4 scrolls of vulnerability {!r!r}
 F - 2 scrolls of silence {!r}
 H - 2 scrolls of blinking {!r}
 V - 4 scrolls of immolation {!r!r}
 Y - 2 scrolls of fog
Potions
 a - a potion of invisibility
 f - 2 potions of heal wounds {@q2}
 j - 8 potions of might
 l - 2 potions of resistance
 n - 6 potions of flight
 t - 3 potions of brilliance
 z - 3 potions of magic
 A - a potion of ambrosia
 B - 2 potions of attraction {!q}
 D - 7 potions of curing {@q1}
 G - a potion of mutation {!q}
 K - a potion of cancellation
 O - a potion of berserk rage {!q}
Miscellaneous
 m - a phantom mirror (inert)
   (You found it on level 3 of the Lair of Beasts)
 v - a lightning rod (4/4)
 L - a condenser vane
   (You found it on level 3 of the Elven Halls)
 Z - a tin of tremorstones (2/2) {throwing}
   (You found it on level 3 of the Lair of Beasts)

Dungeon Overview and Level Annotations

Branches:
Dungeon (15/15)            Temple (1/1) D:7            Lair (6/6) D:8
  Swamp (0/4) Lair:2        Snake (0/4) Lair:3        Slime (0/5) Lair:5
    Orc (2/2) D:9             Elf (3/3) Orc:2        Vaults (0/5) D:14
 Depths (0/4) D:15          Sewer (visited)

Altars:
Cheibriados
Dithmenos
Fedhas
Gozag
Hepliaklqana
Kikubaaqudgha
Makhleb
Nemelex Xobeh
Okawaru
Qazlal
Sif Muna
Vehumet
Wu Jian
Xom
Zin
Beogh

Shops:
D:5 *   D:8 [?   D:11 *   Orc:2 (*[:   Elf:1 :

Portals:
Bazaar: Orc:2

Annotations:
D:3 2 transporters
D:13 2 exclusions
D:15 1 exclusion
Lair:3 1 exclusion
Lair:4 3 runed translucent doors, Aluic's ghost, adept MiBe; Dobruq's ghost, journeyman OgTm; Dutwide's ghost, journeyman MfGl; Xutikh's ghost, journeyman SpCA; Zun Lasmi's ghost, journeyman VSTm

#### #..###
#....###
#......#
#######..<.###
#.).......#+ ∆
#.#######'##'#..
#..@.Z.{.....)).
#..#####L#######
#..#...))Z)..#
#..#.#.#)#)#.#
##.#...)°.)..#
#^##L...Eee## ∆
#...#..).$#.
#.###..Z.. ## ∆
#.#=/)....[∆


You could see a lich and a friendly spectral deep elf pyromancer (corroded).


Message History

You howl as the wereblood boils in your veins!
A deep elf zephyrmancer comes into view.
It is wielding a +0 short sword and carrying a wand of acid (7).
The deep elf zephyrmancer points at you and mumbles some strange words.
The bolt of lightning hits your spectral deep elf archer!!
The bolt of lightning hits you!!
* * * LOW HITPOINT WARNING * * *
The deep elf pyromancer casts a spell.
Something touches your spectral deep elf pyromancer!!
Your spectral deep elf pyromancer hits something but does no damage. 😱 HP[-9] MP[+1]
You take 9 damage, and now have 11/135 hp.
Okay, then.
You feel much better.
Something tries to affect you, but you resist.
Your spectral deep elf pyromancer hits something but does no damage.
Something touches you!
* * * LOW HITPOINT WARNING * * *
The deep elf zephyrmancer zaps a wand.
The bolt of acid misses you.
The deep elf zephyrmancer hits your spectral deep elf archer with a +0 long sword.
Something touches your spectral deep elf pyromancer!
Your spectral deep elf pyromancer hits something.
Your spectral deep elf archer hits the deep elf zephyrmancer! 😱 HP[+22] MP[+1]
You regained 22 hp, and now have 33/135 hp.
Really read
H - 3 scrolls of blinking {!r}?
Blink to where?
Press: ? - help, Dir - move target
As you read the scroll of blinking {!r}, it crumbles to dust.
The deep elf zephyrmancer points at you and mumbles some strange words.
The bolt of lightning misses you.
Your spectral deep elf archer closely misses the deep elf zephyrmancer. 😨 HP[+1] MP[+1]
You barely miss the deep elf zephyrmancer.
The deep elf zephyrmancer hits you but does no damage.
Your spectral deep elf archer hits the deep elf zephyrmancer.
Your spectral deep elf archer drains the deep elf zephyrmancer. 😨 MP[+1] Unknown command.
Unknown command.
Unknown command.
You shred the deep elf zephyrmancer!!!
You feel a bit better.
You kill the deep elf zephyrmancer!
Cheibriados thoroughly appreciates the change of pace.
Cheibriados raises the support of your attributes as your movement slows.
A glowing mist starts to gather...
Your spectral deep elf archer hits the deep elf pyromancer.
Your spectral deep elf archer drains the deep elf pyromancer. 😨 HP[+3] MP[+1]
You regained 3 hp, and now have 37/135 hp.
Casting: Blink (safe; 3% risk of failure)
Confirm with . or Enter, or press ? or * to list all spells.
Space momentarily warps into an impossible shape!
You shred the deep elf pyromancer!!!
You kill the deep elf pyromancer!
Cheibriados thoroughly appreciates the change of pace.
A glowing mist starts to gather...
Something completely misses your spectral deep elf archer. 😨 HP[+1] MP[-5]
You lost 5 mp, and now have 3/41 mp.
You howl as the wereblood boils in your veins!
Your hands revert to their normal proportions.
Your +9 shortbow of freezing {bow} unmelds from your body.
Your +0 pair of gloves of hurling unmelds from your body.
Your +9 shortbow of freezing {bow} is covered in frost.
You feel that your aim is more steady.
Something touches your spectral deep elf archer. 😨 HP[+1] MP[+2]
You regained 2 mp, and now have 5/41 mp.
Your unholy channel is weakening.
Your spectral deep elf pyromancer hits the lich but does no damage.
Your spectral deep elf archer closely misses the lich.
The lich closely misses your spectral deep elf pyromancer.
Your spectral deep elf pyromancer hits the lich. 😨 MP[+2]
You regained 2 mp, and now have 7/41 mp.
You hear some strange, mumbled words. 😨 HP[+1] MP[+2]
You regained 2 mp, and now have 9/41 mp.
What are your orders? t - Howl!
Orders for allies: a - Attack new target. r - Retreat! s - Stop attacking. g - Guard the area. f - Follow me.
Anything else - Cancel.
Gang up on whom?
Press: ? - help, Dir - move target, f - lich
Aim: a lich (moderately damaged, ally target) Attack!
Your primal bloodlust is almost over.
You hear some strange, mumbled words.
A bolt of acid appears from out of thin air!
The bolt of acid hits your spectral deep elf archer!!!
Your spectral deep elf archer is destroyed!
The bolt of acid hits your spectral deep elf pyromancer!!!
The acid corrodes your spectral deep elf pyromancer!
The bolt of acid hits your spectral deep elf zephyrmancer!!!!
Your spectral deep elf zephyrmancer is destroyed!
The bolt of acid hits you!!!
You die...

Skill      XL: |  1  2  3  4  5  6  7  8  9 10 11 12 13 14 15 16 17 |
---------------+----------------------------------------------------+-----
Short Blades   | 1 2 3 4 5 6 7 8 9 10 11 | 11.9
Long Blades    | 1 2 3 4 5 6 7 8 9 10 11 | 11.9
Axes           | 1 2 3 4 5 6 7 8 9 10 11 | 11.9
Maces & Flails | 1 2 3 4 5 6 7 8 9 10 11 | 11.9
Polearms       | 1 2 3 4 5 6 7 8 9 10 11 | 11.9
Staves         | 1 2 3 4 5 6 7 8 9 10 11 | 11.9
Slings         | 1 2 3 4 5 6 7 8 9 10 11 | 11.9
Crossbows      | 1 2 3 4 5 6 7 8 9 10 11 | 11.9
Throwing       | 1 2 3 4 5 6 7 8 9 10 11 | 11.9
Dodging        | 1 2 3 4 5 6 7 8 9 10 11 | 11.9
Stealth        | 1 2 3 4 5 6 7 8 9 10 11 | 11.9
Shields        | 1 2 3 4 5 6 7 8 9 10 11 | 11.9
Unarmed Combat | 1 2 4 6 7 9 10 11 13 14 15 16 | 16.2
Spellcasting   | 1 2 3 4 5 6 7 8 9 10 11 | 11.9
Conjurations   | 1 2 3 4 5 6 7 8 9 10 | 10.1
Hexes          | 1 2 3 4 5 6 7 8 9 10 | 10.1
Summonings     | 1 2 3 4 5 6 7 8 9 10 | 10.1
Necromancy     | 1 2 3 4 5 6 7 8 9 10 | 10.1
Translocations | 1 2 3 4 5 6 7 8 9 10 | 10.1
Transmutations | 1 2 3 4 5 6 7 8 9 10 | 10.1
Fire Magic     | 1 2 3 4 5 6 7 8 9 10 | 10.1
Ice Magic      | 1 2 3 4 5 6 7 8 9 10 | 10.1
Air Magic      | 1 2 3 4 5 6 7 8 9 10 | 10.1
Earth Magic    | 1 2 3 4 5 6 7 8 9 10 | 10.1
Poison Magic   | 1 2 3 4 5 6 7 8 9 10 | 10.1
Invocations    | 3 4 5 6 8 9 10 11 12 13 | 13.2
Fighting       | 5 6 7 8 9 10 11 12 | 12.7
Bows           | 5 6 7 8 9 10 11 12 | 12.7
Evocations     | 5 6 7 8 9 10 11 12 | 12.7
Armour         | 7 8 9 10 11 12 13 | 13.5

Action                   |  1- 3 |  4- 6 |  7- 9 | 10-12 | 13-15 | 16-18 || total
-------------------------+-------+-------+-------+-------+-------+-------++-------
Melee: Hand axe          |       |     9 |   140 |   101 |       |       ||   250
       Bite              |       |       |    18 |    24 |    31 |    12 ||    85
       Punch             |       |       |     5 |    14 |    20 |    11 ||    50
       Unarmed           |       |       |       |    69 |   399 |   338 ||   806
 Fire: Shortbow          |   106 |   105 |   256 |   301 |   570 |   149 ||  1487
 Cast: Blade Hands       |       |       |       |    14 |    41 |    36 ||    91
       Wereblood         |       |       |       |    12 |    61 |    24 ||    97
       Manifold Assault  |       |       |       |       |    68 |   106 ||   174
       Blink             |       |       |       |       |     6 |     2 ||     8
       Animate Dead      |       |       |       |       |    17 |     6 ||    23
       Spider Form       |       |       |       |       |     9 |     6 ||    15
       Death Channel     |       |       |       |       |    50 |    31 ||    81
Invok: Bend Time         |       |       |       |    10 |     2 |     1 ||    13
       Slouch            |       |       |       |       |     5 |     6 ||    11
       Step From Time    |       |       |       |       |     2 |     5 ||     7
Evoke: Lightning rod     |     4 |     4 |     7 |     4 |     5 |       ||    24
       Wand              |       |       |     5 |    15 |     5 |     8 ||    33
       Phantom mirror    |       |       |       |       |     4 |     4 ||     8
  Use: Scroll            |       |       |    13 |    22 |    10 |     2 ||    47
       Potion            |       |       |     3 |     5 |     6 |     6 ||    20
 Stab: Distracted        |       |       |     1 |       |     2 |       ||     3
       Sleeping          |       |       |       |       |     1 |       ||     1
Armor: Scale mail        |    47 |     6 |       |       |    34 |    75 ||   162
       Leather armour    |       |     1 |       |       |       |       ||     1
       Ring mail         |       |    26 |   115 |   128 |   107 |       ||   376
       Skin              |       |       |     7 |       |     2 |     3 ||    12
Dodge: Dodged            |    25 |    33 |   150 |   286 |   577 |   335 ||  1406

Levels and vault maps discovered:
D:1:      heliophobic_arrival_ceremonial_halls, layout_basic,
          hellmonk_ecumenical_altar_crossroads
D:2:      layout_basic
D:3:      gammafunk_wand_slinger, layout_basic, lemuel_coloured_pillars_altar,
          uniq_ijyb
D:4:      layout_loops_ring, uniq_blork_the_orc
D:5:      layout_loops_ring, portal_sewer_entry_b, nicolae_elemental_shop
D:6:      layout_cave_pools, serial_park, serial_park_tiny_1,
          serial_park_fountain, serial_park_tiny_pond, serial_park_square3
          [serial_park_minivault_5x5_4], serial_park_square1
          [serial_park_minivault_5x5_8]
D:7:      layout_loops_corners, minmay_temple_entry_ruins, hangedman_decor_push,
          kennysheep_opposing_triangles
D:8:      layout_loops_corners, mainiacjoe_overflow_alcove_1, erik_lair_island,
          serial_shops, shop, shop, nicolae_elevator_lobby_plus
D:9:      minmay_twisted_water, layout_basic, david_orc_5
D:10:     layout_rooms, nicolae_concentric_dashed_squares_wild
D:11:     layout_irregular_city, serial_shops, nicolae_inconvenience_store,
          uniq_psyche
D:12:     layout_roguey, nicolae_vehumet_radiance, uniq_jorgrun, uniq_kirke
D:13:     layout_small_grid, nzn_hepliaklqana_mist_gate, uniq_maurice
D:14:     layout_roguey, david_vaults_2, serial_corexii_hall,
          chequers_hall_statues_y, chequers_hall_statues_corner_a
D:15:     grunt_enter_depths_magical_seal, layout_irregular_city,
          grunt_decor_resistance, hellmonk_bongcloud_opening,
          kiku_gazebo_pond_becter, uniq_louise
Temple:   mainiacjoe_temple_big_plus
Lair:1:   layout_small_grid, dreamdust_mushroom_princess
Lair:2:   layout_concentric_octagons, minmay_swamp_entry_swarm, basic_altar,
          lemuel_fruit_tree, uniq_fannar
Lair:3:   layout_long_grid, minmay_snake_entry_six_corridors, basic_altar,
          serial_bayou_pond_b, beast_lair_carwin_9, serial_bayou_shore_b
Lair:4:   layout_regular_city, gammafunk_ghost_cemetery
Lair:5:   layout_regular_city, slime_dummy, basic_altar
Lair:6:   hangedman_lair_caniforms_friends, layout_cave_pods,
          hangedman_lair_tendril_chambers, grunt_forest_large_clearings
Orc:1:    layout_diamond_mine, uniq_harold, uniq_sonja, uniq_snorg
Orc:2:    grunt_orc_cross, layout_caves, serial_shops, bzr_entry_safe,
          enter_volcano_4, basic_altar
Elf:1:    eino_elf_arrival_altar, layout_loops_corners, serial_shops,
          nicolae_take_the_stairs, basic_altar, minmay_elf_annihilation,
          uniq_nikola
Elf:2:    nicolae_elf_blades_crystal_corner, layout_geoelf_grid
Elf:3:    elf_hall, layout_geoelf_diagonals, enter_trove_0, serial_shops, shop,
          minmay_the_grid_2x2 [minmay_the_grid_odd_star,
          minmay_the_grid_tiny_cups, minmay_the_grid_tri_star,
          minmay_the_grid_prize_big_room]

Notes
Turn   | Place    | Note
-------+----------+-------------------------------------------
     0 | D:1      | spaghetti the Gnoll Wanderer began the quest for the Orb.
     0 | D:1      | spaghetti set off with the following items: a +0 shortbow
                  | {bow}, a lightning rod (4/4), a +0 scale mail, a scroll of
                  | blinking {!r}
     0 | D:1      | Reached XP level 1. HP: 20/20 MP: 2/2
     0 | D:1      | magus.rc [v1.9.6]
    87 | D:1      | Found a faded altar of an unknown god.
   220 | D:1      | You pick up a book of Misfortune and begin reading...
   220 | D:1      | You add the spells Confusing Touch, Yara's Violent
                  | Unravelling and Enfeeble to your library.
   226 | D:1      | Reached XP level 2. HP: 24/26 MP: 3/3
   516 | D:1      | You pick up a book of Armaments and begin reading...
   516 | D:1      | You add the spells Stone Arrow, Animate Armour and
                  | Lehudib's Crystal Spear to your library.
  1024 | D:2      | Reached XP level 3. HP: 28/31 MP: 4/4
  1485 | D:2      | Reached skill level 1 in Short Blades
  1485 | D:2      | Reached skill level 1 in Long Blades
  1485 | D:2      | Reached skill level 1 in Axes
  1485 | D:2      | Reached skill level 1 in Maces & Flails
  1485 | D:2      | Reached skill level 1 in Polearms
  1485 | D:2      | Reached skill level 1 in Staves
  1485 | D:2      | Reached skill level 1 in Slings
  1485 | D:2      | Reached skill level 1 in Crossbows
  1485 | D:2      | Reached skill level 1 in Throwing
  1485 | D:2      | Reached skill level 1 in Dodging
  1485 | D:2      | Reached skill level 1 in Stealth
  1485 | D:2      | Reached skill level 1 in Shields
  1485 | D:2      | Reached skill level 1 in Unarmed Combat
  1485 | D:2      | Reached skill level 1 in Spellcasting
  1485 | D:2      | Reached XP level 4. HP: 38/38 MP: 6/6
  1566 | D:3      | Noticed Ijyb
  1576 | D:3      | Killed Ijyb
  1577 | D:3      | Reached skill level 1 in Conjurations
  1577 | D:3      | Reached skill level 1 in Hexes
  1577 | D:3      | Reached skill level 1 in Summonings
  1577 | D:3      | Reached skill level 1 in Necromancy
  1577 | D:3      | Reached skill level 1 in Translocations
  1577 | D:3      | Reached skill level 1 in Transmutations
  1577 | D:3      | Reached skill level 1 in Fire Magic
  1577 | D:3      | Reached skill level 1 in Ice Magic
  1577 | D:3      | Reached skill level 1 in Air Magic
  1577 | D:3      | Reached skill level 1 in Earth Magic
  1577 | D:3      | Reached skill level 1 in Poison Magic
  1733 | D:3      | Reached skill level 3 in Invocations
  1733 | D:3      | Reached XP level 5. HP: 38/43 MP: 7/7
  1966 | D:3      | Found a transporter.
  1983 | D:3      | Found a transporter.
  2184 | D:3      | Found a radiant altar of Vehumet.
  2546 | D:4      | Reached XP level 6. HP: 50/50 MP: 8/8
  2655 | D:4      | Reached skill level 5 in Fighting
  2655 | D:4      | Reached skill level 5 in Bows
  2655 | D:4      | Reached skill level 5 in Evocations
  2663 | D:4      | Reached skill level 2 in Short Blades
  2663 | D:4      | Reached skill level 2 in Long Blades
  2663 | D:4      | Reached skill level 2 in Axes
  2663 | D:4      | Reached skill level 2 in Maces & Flails
  2663 | D:4      | Reached skill level 2 in Polearms
  2663 | D:4      | Reached skill level 2 in Staves
  2663 | D:4      | Reached skill level 2 in Slings
  2663 | D:4      | Reached skill level 2 in Crossbows
  2663 | D:4      | Reached skill level 2 in Throwing
  2663 | D:4      | Reached skill level 2 in Dodging
  2663 | D:4      | Reached skill level 2 in Stealth
  2663 | D:4      | Reached skill level 2 in Shields
  2663 | D:4      | Reached skill level 2 in Unarmed Combat
  2663 | D:4      | Reached skill level 2 in Spellcasting
  2698 | D:4      | Noticed Blork the orc
  2706 | D:4      | Killed Blork the orc
  2983 | D:4      | You pick up a book of Vapours and begin reading...
  2983 | D:4      | You add the spells Poisonous Vapours and Corpse Rot to your
                  | library.
  3024 | D:4      | Reached XP level 7. HP: 49/56 MP: 10/10
  3029 | D:4      | Reached skill level 7 in Armour
  3204 | D:5      | Entered Level 5 of the Dungeon
  3237 | D:5      | Reached skill level 2 in Conjurations
  3237 | D:5      | Reached skill level 2 in Hexes
  3237 | D:5      | Reached skill level 2 in Summonings
  3237 | D:5      | Reached skill level 2 in Necromancy
  3237 | D:5      | Reached skill level 2 in Translocations
  3237 | D:5      | Reached skill level 2 in Transmutations
  3237 | D:5      | Reached skill level 2 in Fire Magic
  3237 | D:5      | Reached skill level 2 in Ice Magic
  3237 | D:5      | Reached skill level 2 in Air Magic
  3237 | D:5      | Reached skill level 2 in Earth Magic
  3237 | D:5      | Reached skill level 2 in Poison Magic
  3341 | D:5      | Reached skill level 4 in Invocations
  3388 | D:5      | Reached XP level 8. HP: 63/63 MP: 12/12
  3478 | D:5      | Reached skill level 3 in Short Blades
  3478 | D:5      | Reached skill level 3 in Long Blades
  3478 | D:5      | Reached skill level 3 in Axes
  3478 | D:5      | Reached skill level 3 in Maces & Flails
  3478 | D:5      | Reached skill level 3 in Polearms
  3478 | D:5      | Reached skill level 3 in Staves
  3478 | D:5      | Reached skill level 3 in Slings
  3478 | D:5      | Reached skill level 3 in Crossbows
  3478 | D:5      | Reached skill level 3 in Throwing
  3478 | D:5      | Reached skill level 3 in Dodging
  3478 | D:5      | Reached skill level 3 in Stealth
  3478 | D:5      | Reached skill level 3 in Shields
  3478 | D:5      | Reached skill level 3 in Unarmed Combat
  3478 | D:5      | Reached skill level 3 in Spellcasting
  3548 | D:5      | Found a glowing drain.
  3567 | Sewer    | Entered a sewer
  3833 | Sewer    | Identified a scroll of acquirement
  3834 | Sewer    | Acquired an amulet of faith
  3914 | D:5      | You pick up a book of Debilitation and begin reading...
  3914 | D:5      | You add the spells Slow and Vampiric Draining to your
                  | library.
  3965 | D:5      | Found Qaucvuf's Elemental Accessories.
  4056 | D:5      | You pick up a book of Changes and begin reading...
  4056 | D:5      | You add the spells Beastly Appendage, Wereblood and Spider
                  | Form to your library.
  4275 | D:6      | HP: 22/94 [water moccasin (6)]
  4599 | D:6      | HP: 14/64 [orc priest/divine providence (12)]
  5269 | D:6      | Reached skill level 4 in Unarmed Combat
  5328 | D:6      | Reached skill level 3 in Conjurations
  5328 | D:6      | Reached skill level 3 in Hexes
  5328 | D:6      | Reached skill level 3 in Summonings
  5328 | D:6      | Reached skill level 3 in Necromancy
  5328 | D:6      | Reached skill level 3 in Translocations
  5328 | D:6      | Reached skill level 3 in Transmutations
  5328 | D:6      | Reached skill level 3 in Fire Magic
  5328 | D:6      | Reached skill level 3 in Ice Magic
  5328 | D:6      | Reached skill level 3 in Air Magic
  5328 | D:6      | Reached skill level 3 in Earth Magic
  5328 | D:6      | Reached skill level 3 in Poison Magic
  5466 | D:6      | Reached skill level 6 in Fighting
  5466 | D:6      | Reached skill level 6 in Bows
  5466 | D:6      | Reached skill level 6 in Evocations
  5494 | D:6      | Found an ornate altar of the Wu Jian Council.
  5524 | D:6      | Reached skill level 5 in Invocations
  5524 | D:6      | Reached XP level 9. HP: 61/69 MP: 14/14
  5903 | D:7      | Reached skill level 4 in Short Blades
  5903 | D:7      | Reached skill level 4 in Long Blades
  5903 | D:7      | Reached skill level 4 in Axes
  5903 | D:7      | Reached skill level 4 in Maces & Flails
  5903 | D:7      | Reached skill level 4 in Polearms
  5903 | D:7      | Reached skill level 4 in Staves
  5903 | D:7      | Reached skill level 4 in Slings
  5903 | D:7      | Reached skill level 4 in Crossbows
  5903 | D:7      | Reached skill level 4 in Throwing
  5903 | D:7      | Reached skill level 4 in Dodging
  5903 | D:7      | Reached skill level 4 in Stealth
  5903 | D:7      | Reached skill level 4 in Shields
  5903 | D:7      | Reached skill level 4 in Spellcasting
  6054 | D:7      | Reached skill level 5 in Unarmed Combat
  6213 | D:7      | Found a staircase to the Ecumenical Temple.
  6230 | Temple   | Entered the Ecumenical Temple
  6383 | Temple   | Became a worshipper of Cheibriados the Contemplative
  6740 | D:7      | You pick up a book of Spatial Translocations and begin
                  | reading...
  6740 | D:7      | You add the spells Blink, Lesser Beckoning and Manifold
                  | Assault to your library.
  6868 | D:7      | Reached skill level 8 in Armour
  7156 | D:7      | Noticed a hornet
  7160 | D:7      | Killed a hornet
  7220 | D:7      | Reached * piety under Cheibriados
  8024 | D:8      | Reached skill level 6 in Unarmed Combat
  8305 | D:8      | Reached XP level 10. HP: 64/77 MP: 17/17
  8430 | D:8      | Found Guel's Magic Scroll Shop.
  8437 | D:8      | Bought a scroll of enchant weapon for 82 gold pieces
  8437 | D:8      | Bought a scroll of enchant weapon for 82 gold pieces
  8476 | D:8      | Reached skill level 4 in Conjurations
  8476 | D:8      | Reached skill level 4 in Hexes
  8476 | D:8      | Reached skill level 4 in Summonings
  8476 | D:8      | Reached skill level 4 in Necromancy
  8476 | D:8      | Reached skill level 4 in Translocations
  8476 | D:8      | Reached skill level 4 in Transmutations
  8476 | D:8      | Reached skill level 4 in Fire Magic
  8476 | D:8      | Reached skill level 4 in Ice Magic
  8476 | D:8      | Reached skill level 4 in Air Magic
  8476 | D:8      | Reached skill level 4 in Earth Magic
  8476 | D:8      | Reached skill level 4 in Poison Magic
  8482 | D:8      | Reached skill level 6 in Invocations
  8685 | D:8      | Found a staircase to the Lair.
  8696 | D:8      | You pick up a book of Weapons and begin reading...
  8696 | D:8      | You add the spells Portal Projectile, Excruciating Wounds
                  | and Blade Hands to your library.
  8725 | D:8      | Found Aghos's Antique Armour Shoppe.
  9044 | D:8      | Reached ** piety under Cheibriados
  9057 | D:8      | HP: 15/77 [troll (11)]
  9426 | D:8      | Found a stormy altar of Qazlal.
  9509 | D:8      | Reached skill level 5 in Short Blades
  9509 | D:8      | Reached skill level 5 in Long Blades
  9509 | D:8      | Reached skill level 5 in Axes
  9509 | D:8      | Reached skill level 5 in Maces & Flails
  9509 | D:8      | Reached skill level 5 in Polearms
  9509 | D:8      | Reached skill level 5 in Staves
  9509 | D:8      | Reached skill level 5 in Slings
  9509 | D:8      | Reached skill level 5 in Crossbows
  9509 | D:8      | Reached skill level 5 in Throwing
  9509 | D:8      | Reached skill level 5 in Dodging
  9509 | D:8      | Reached skill level 5 in Stealth
  9509 | D:8      | Reached skill level 5 in Shields
  9509 | D:8      | Reached skill level 5 in Spellcasting
  9632 | Lair:1   | Entered Level 1 of the Lair of Beasts
  9749 | Lair:1   | Reached skill level 7 in Fighting
  9749 | Lair:1   | Reached skill level 7 in Bows
  9749 | Lair:1   | Reached skill level 7 in Evocations
  9780 | Lair:1   | Reached skill level 7 in Unarmed Combat
  9972 | Lair:1   | You pick up a book of Spatial Translocations and begin
                  | reading...
  9978 | Lair:1   | Noticed a cane toad
  9987 | Lair:1   | Killed a cane toad
 10251 | Lair:1   | Acquired the +2 hat "Evvakhlo" {rN+}
 10254 | Lair:1   | Noticed a black mamba
 10345 | Lair:1   | HP: 11/79 [black mamba (14)]
 10347 | Lair:1   | Killed a black mamba
 10348 | Lair:1   | Reached XP level 11. HP: 18/84 MP: 19/19
 10611 | Lair:1   | Noticed a six-headed hydra
 10614 | Lair:1   | Killed a six-headed hydra
 10615 | Lair:1   | Reached skill level 6 in Short Blades
 10615 | Lair:1   | Reached skill level 6 in Long Blades
 10615 | Lair:1   | Reached skill level 6 in Axes
 10615 | Lair:1   | Reached skill level 6 in Maces & Flails
 10615 | Lair:1   | Reached skill level 6 in Polearms
 10615 | Lair:1   | Reached skill level 6 in Staves
 10615 | Lair:1   | Reached skill level 6 in Slings
 10615 | Lair:1   | Reached skill level 6 in Crossbows
 10615 | Lair:1   | Reached skill level 6 in Throwing
 10615 | Lair:1   | Reached skill level 9 in Armour
 10615 | Lair:1   | Reached skill level 6 in Dodging
 10615 | Lair:1   | Reached skill level 6 in Stealth
 10615 | Lair:1   | Reached skill level 6 in Shields
 10615 | Lair:1   | Reached skill level 6 in Spellcasting
 10615 | Lair:1   | Reached skill level 7 in Invocations
 10654 | Lair:1   | Reached skill level 8 in Unarmed Combat
 10654 | Lair:1   | Reached skill level 5 in Conjurations
 10654 | Lair:1   | Reached skill level 5 in Hexes
 10654 | Lair:1   | Reached skill level 5 in Summonings
 10654 | Lair:1   | Reached skill level 5 in Necromancy
 10654 | Lair:1   | Reached skill level 5 in Translocations
 10654 | Lair:1   | Reached skill level 5 in Transmutations
 10654 | Lair:1   | Reached skill level 5 in Fire Magic
 10654 | Lair:1   | Reached skill level 5 in Ice Magic
 10654 | Lair:1   | Reached skill level 5 in Air Magic
 10654 | Lair:1   | Reached skill level 5 in Earth Magic
 10654 | Lair:1   | Reached skill level 5 in Poison Magic
 10674 | Lair:1   | Reached *** piety under Cheibriados
 11342 | Lair:1   | Learned a level 5 spell: Blade Hands
 11654 | Lair:2   | Noticed Fannar
 11665 | Lair:1   | HP: 21/86 [Fannar/bolt of cold (14)]
 11672 | Lair:1   | Killed Fannar
 11937 | Lair:1   | Learned a level 2 spell: Wereblood
 11944 | Lair:1   | HP: 21/86 [cane toad (15)]
 11957 | Lair:1   | HP: 17/86 [cane toad (14)]
 11961 | Lair:1   | Reached skill level 8 in Fighting
 11961 | Lair:1   | Reached skill level 8 in Bows
 11961 | Lair:1   | Reached skill level 8 in Evocations
 12396 | Lair:2   | Noticed a seven-headed hydra
 12403 | Lair:2   | Killed a seven-headed hydra
 12525 | Lair:2   | Found a staircase to the Swamp.
 12550 | Lair:2   | Reached skill level 9 in Unarmed Combat
 12561 | Lair:2   | Identified the +7 shortbow of Nochufoorgh {venom, rF+
                  | Stlth+}
 12603 | Lair:2   | Reached **** piety under Cheibriados
 12623 | Lair:2   | You pick up a book of Unlife and begin reading...
 12623 | Lair:2   | You add the spells Animate Dead, Borgnjor's Vile Clutch and
                  | Death Channel to your library.
 12677 | Lair:2   | HP: 20/86 [yak (9)]
 12996 | Lair:1   | Learned a level 6 spell: Death Channel
 13001 | Lair:1   | Learned a level 4 spell: Animate Dead
 13004 | Lair:1   | Learned a level 2 spell: Blink
 13008 | Lair:1   | Learned a level 3 spell: Spider Form
 13133 | Lair:2   | Reached skill level 8 in Invocations
 13133 | Lair:2   | Reached XP level 12. HP: 36/94 MP: 11/22
 13455 | Lair:2   | Found a shimmering blue altar of Sif Muna.
 13885 | Lair:3   | Reached skill level 7 in Short Blades
 13885 | Lair:3   | Reached skill level 7 in Long Blades
 13885 | Lair:3   | Reached skill level 7 in Axes
 13885 | Lair:3   | Reached skill level 7 in Maces & Flails
 13885 | Lair:3   | Reached skill level 7 in Polearms
 13885 | Lair:3   | Reached skill level 7 in Staves
 13885 | Lair:3   | Reached skill level 7 in Slings
 13885 | Lair:3   | Reached skill level 7 in Crossbows
 13885 | Lair:3   | Reached skill level 7 in Throwing
 13885 | Lair:3   | Reached skill level 7 in Dodging
 13885 | Lair:3   | Reached skill level 7 in Stealth
 13885 | Lair:3   | Reached skill level 7 in Shields
 13885 | Lair:3   | Reached skill level 7 in Spellcasting
 14116 | Lair:3   | Found a staircase to the Snake Pit.
 14142 | Lair:3   | Reached ***** piety under Cheibriados
 14530 | Lair:3   | Reached skill level 6 in Conjurations
 14530 | Lair:3   | Reached skill level 6 in Hexes
 14530 | Lair:3   | Reached skill level 6 in Summonings
 14530 | Lair:3   | Reached skill level 6 in Necromancy
 14530 | Lair:3   | Reached skill level 6 in Translocations
 14530 | Lair:3   | Reached skill level 6 in Transmutations
 14530 | Lair:3   | Reached skill level 6 in Fire Magic
 14530 | Lair:3   | Reached skill level 6 in Ice Magic
 14530 | Lair:3   | Reached skill level 6 in Air Magic
 14530 | Lair:3   | Reached skill level 6 in Earth Magic
 14530 | Lair:3   | Reached skill level 6 in Poison Magic
 14794 | Lair:3   | Reached skill level 10 in Unarmed Combat
 14908 | Lair:3   | Found an opulent altar of Gozag.
 14946 | Lair:3   | Reached skill level 10 in Armour
 15508 | Lair:4   | Noticed a catoblepas
 15518 | Lair:4   | Killed a catoblepas
 15679 | Lair:4   | Reached skill level 9 in Fighting
 15679 | Lair:4   | Reached skill level 9 in Bows
 15679 | Lair:4   | Reached skill level 9 in Evocations
 16501 | Lair:4   | Reached skill level 9 in Invocations
 16506 | Lair:4   | Reached XP level 13. HP: 89/101 MP: 19/24
 16684 | Lair:4   | Learned a level 5 spell: Manifold Assault
 16765 | Lair:4   | Found a runed translucent gate.
 16765 | Lair:4   | Found a runed translucent gate.
 16765 | Lair:4   | Found a runed translucent gate.
 16767 | Lair:4   | Noticed Dutwide's ghost (journeyman MfGl)
 16767 | Lair:4   | Noticed Xutikh's ghost (journeyman SpCA)
 16769 | Lair:4   | Noticed Dobruq's ghost (journeyman OgTm)
 16769 | Lair:4   | Noticed Aluic's ghost (adept MiBe)
 16770 | Lair:4   | Noticed Zun Lasmi's ghost (journeyman VSTm)
 17003 | Lair:5   | Reached skill level 8 in Short Blades
 17003 | Lair:5   | Reached skill level 8 in Long Blades
 17003 | Lair:5   | Reached skill level 8 in Axes
 17003 | Lair:5   | Reached skill level 8 in Maces & Flails
 17003 | Lair:5   | Reached skill level 8 in Polearms
 17003 | Lair:5   | Reached skill level 8 in Staves
 17003 | Lair:5   | Reached skill level 8 in Slings
 17003 | Lair:5   | Reached skill level 8 in Crossbows
 17003 | Lair:5   | Reached skill level 8 in Throwing
 17003 | Lair:5   | Reached skill level 8 in Dodging
 17003 | Lair:5   | Reached skill level 8 in Stealth
 17003 | Lair:5   | Reached skill level 8 in Shields
 17003 | Lair:5   | Reached skill level 8 in Spellcasting
 17149 | Lair:5   | Found a stormy altar of Qazlal.
 17205 | Lair:5   | Reached skill level 11 in Unarmed Combat
 17812 | Lair:5   | Found a staircase to the Slime Pits.
 18148 | Lair:6   | Entered Level 6 of the Lair of Beasts
 18196 | Lair:6   | Reached skill level 7 in Conjurations
 18196 | Lair:6   | Reached skill level 7 in Hexes
 18196 | Lair:6   | Reached skill level 7 in Summonings
 18196 | Lair:6   | Reached skill level 7 in Necromancy
 18196 | Lair:6   | Reached skill level 7 in Translocations
 18196 | Lair:6   | Reached skill level 7 in Transmutations
 18196 | Lair:6   | Reached skill level 7 in Fire Magic
 18196 | Lair:6   | Reached skill level 7 in Ice Magic
 18196 | Lair:6   | Reached skill level 7 in Air Magic
 18196 | Lair:6   | Reached skill level 7 in Earth Magic
 18196 | Lair:6   | Reached skill level 7 in Poison Magic
 18487 | Lair:6   | HP: 25/103 [poisoned by a water moccasin]
 18493 | Lair:5   | HP: 23/103 [poisoned by a water moccasin]
 18929 | Lair:6   | Reached skill level 10 in Invocations
 18941 | Lair:6   | Reached skill level 10 in Fighting
 18941 | Lair:6   | Reached skill level 10 in Bows
 18941 | Lair:6   | Reached skill level 11 in Armour
 18941 | Lair:6   | Reached skill level 10 in Evocations
 18947 | Lair:6   | Reached ****** piety under Cheibriados
 18948 | Lair:6   | Reached XP level 14. HP: 48/110 MP: 1/26
 18950 | Lair:6   | HP: 26/110 [death yak (8)]
 18956 | Lair:6   | Reached skill level 12 in Unarmed Combat
 18972 | Lair:6   | Reached skill level 9 in Short Blades
 18972 | Lair:6   | Reached skill level 9 in Long Blades
 18972 | Lair:6   | Reached skill level 9 in Axes
 18972 | Lair:6   | Reached skill level 9 in Maces & Flails
 18972 | Lair:6   | Reached skill level 9 in Polearms
 18972 | Lair:6   | Reached skill level 9 in Staves
 18972 | Lair:6   | Reached skill level 9 in Slings
 18972 | Lair:6   | Reached skill level 9 in Crossbows
 18972 | Lair:6   | Reached skill level 9 in Throwing
 18972 | Lair:6   | Reached skill level 9 in Dodging
 18972 | Lair:6   | Reached skill level 9 in Stealth
 18972 | Lair:6   | Reached skill level 9 in Shields
 18972 | Lair:6   | Reached skill level 9 in Spellcasting
 18982 | Lair:6   | HP: 16/110 [death yak (24)]
 20269 | Lair:6   | You pick up a book of Vapours and begin reading...
 21188 | Lair:6   | HP: 24/102 [hell hound/blast of flame (14)]
 21188 | Lair:6   | HP: 3/102 [torpor snail (21)]
 21790 | D:9      | Found a staircase to the Orcish Mines.
 21820 | D:9      | Reached skill level 8 in Conjurations
 21820 | D:9      | Reached skill level 8 in Hexes
 21820 | D:9      | Reached skill level 8 in Summonings
 21820 | D:9      | Reached skill level 8 in Necromancy
 21820 | D:9      | Reached skill level 8 in Translocations
 21820 | D:9      | Reached skill level 8 in Transmutations
 21820 | D:9      | Reached skill level 8 in Fire Magic
 21820 | D:9      | Reached skill level 8 in Ice Magic
 21820 | D:9      | Reached skill level 8 in Air Magic
 21820 | D:9      | Reached skill level 8 in Earth Magic
 21820 | D:9      | Reached skill level 8 in Poison Magic
 21857 | Orc:1    | Entered Level 1 of the Orcish Mines
 21965 | Orc:1    | Noticed Sonja
 21982 | Orc:1    | Killed Sonja
 21985 | Orc:1    | Reached skill level 13 in Unarmed Combat
 22007 | Orc:1    | Noticed an orc warlord
 22033 | Orc:1    | Killed an orc warlord
 22502 | Orc:1    | Noticed Harold
 22505 | Orc:1    | Noticed Snorg
 22522 | Orc:1    | Killed Harold
 22526 | Orc:1    | Killed Snorg
 22817 | Orc:2    | Entered Level 2 of the Orcish Mines
 22910 | Orc:2    | Reached XP level 15. HP: 115/115 MP: 7/28
 22954 | Orc:2    | HP: 8/117 [orc warrior/+0 glaive (22)]
 22957 | Orc:2    | Noticed Urug
 23187 | Orc:2    | Noticed an orc warlord
 23189 | Orc:2    | Reached skill level 11 in Invocations
 23196 | Orc:2    | Found a staircase to the Elven Halls.
 23678 | Orc:2    | Killed Urug
 23687 | Orc:2    | Killed an orc warlord
 23978 | Orc:2    | Found Nuclaps's General Store.
 23984 | Orc:2    | Found Luabrucudd's Book Shoppe.
 24035 | Orc:2    | Found Peedog's Antique Weapon Shoppe.
 24110 | Orc:2    | Found a gateway to a bazaar.
 24135 | Orc:2    | Bought a scroll of teleportation for 42 gold pieces
 24135 | Orc:2    | Bought a scroll of fear for 49 gold pieces
 24135 | Orc:2    | Bought a potion of magic for 112 gold pieces
 24226 | Orc:2    | Found Josaobe's Antique Armour Shoppe.
 24233 | Orc:2    | Bought a shimmering scale mail for 297 gold pieces
 24233 | Orc:2    | Identified the +1 scale mail of the Sturgeon {rElec Dex+3}
                  | (You bought it in a shop on level 2 of the Orcish Mines)
 24931 | D:9      | Reached skill level 11 in Fighting
 24931 | D:9      | Reached skill level 11 in Bows
 24931 | D:9      | Reached skill level 11 in Evocations
 24966 | D:10     | Entered Level 10 of the Dungeon
 25025 | D:10     | Identified the +4 scale mail of Xeyv {Slay+3}
 25040 | D:10     | Reached skill level 10 in Short Blades
 25040 | D:10     | Reached skill level 10 in Long Blades
 25040 | D:10     | Reached skill level 10 in Axes
 25040 | D:10     | Reached skill level 10 in Maces & Flails
 25040 | D:10     | Reached skill level 10 in Polearms
 25040 | D:10     | Reached skill level 10 in Staves
 25040 | D:10     | Reached skill level 10 in Slings
 25040 | D:10     | Reached skill level 10 in Crossbows
 25040 | D:10     | Reached skill level 10 in Throwing
 25040 | D:10     | Reached skill level 10 in Dodging
 25040 | D:10     | Reached skill level 10 in Stealth
 25040 | D:10     | Reached skill level 10 in Shields
 25040 | D:10     | Reached skill level 10 in Spellcasting
 25636 | D:11     | Found Utaranu's Assorted Antiques.
 25742 | D:11     | Noticed Psyche
 25747 | D:11     | Killed Psyche
 25920 | D:11     | Bought an encrusted bone wand for 88 gold pieces
 25920 | D:11     | Bought a scroll of blinking for 165 gold pieces
 25920 | D:11     | Bought a scroll of blinking for 165 gold pieces
 26064 | D:11     | Reached skill level 12 in Armour
 26526 | D:11     | Learned a level 7 spell: Storm Form
 26595 | D:12     | Noticed Kirke
 26595 | D:12     | Found a radiant altar of Vehumet.
 27032 | D:12     | Reached skill level 14 in Unarmed Combat
 27167 | D:12     | Noticed Jorgrun
 27178 | D:12     | Killed Jorgrun
 27245 | D:12     | Noticed a sphinx
 27253 | D:12     | Killed Kirke
 28353 | D:13     | Noticed Maurice
 28374 | D:13     | Killed Maurice
 28489 | D:13     | Found a hazy altar of Hepliaklqana.
 28579 | D:13     | Reached XP level 16. HP: 126/126 MP: 30/30
 28579 | D:13     | Gained mutation: You occasionally shout uncontrollably at
                  | your foes. [potion of mutation]
 28579 | D:13     | Gained mutation: You have a pair of small antennae on your
                  | head. [potion of mutation]
 29346 | D:14     | Reached skill level 9 in Conjurations
 29346 | D:14     | Reached skill level 9 in Hexes
 29346 | D:14     | Reached skill level 9 in Summonings
 29346 | D:14     | Reached skill level 9 in Necromancy
 29346 | D:14     | Reached skill level 9 in Translocations
 29346 | D:14     | Reached skill level 9 in Transmutations
 29346 | D:14     | Reached skill level 9 in Fire Magic
 29346 | D:14     | Reached skill level 9 in Ice Magic
 29346 | D:14     | Reached skill level 9 in Air Magic
 29346 | D:14     | Reached skill level 9 in Earth Magic
 29346 | D:14     | Reached skill level 9 in Poison Magic
 29661 | D:14     | Found a gate to the Vaults.
 30104 | D:14     | HP: 27/126 [manticore (9)]
 30107 | D:14     | HP: 11/126 [manticore (17)]
 30110 | D:14     | Reached skill level 12 in Invocations
 30479 | D:15     | Entered Level 15 of the Dungeon
 31150 | D:15     | Noticed Louise
 31160 | D:15     | Killed Louise
 31300 | D:15     | Found an ancient bone altar of Kikubaaqudgha.
 31460 | D:15     | You pick up a book of Rime and begin reading...
 31460 | D:15     | You add the spells Frozen Ramparts, Ice Form and Summon Ice
                  | Beast to your library.
 31710 | D:15     | Reached skill level 11 in Short Blades
 31710 | D:15     | Reached skill level 11 in Long Blades
 31710 | D:15     | Reached skill level 11 in Axes
 31710 | D:15     | Reached skill level 11 in Maces & Flails
 31710 | D:15     | Reached skill level 11 in Polearms
 31710 | D:15     | Reached skill level 11 in Staves
 31710 | D:15     | Reached skill level 11 in Slings
 31710 | D:15     | Reached skill level 11 in Crossbows
 31710 | D:15     | Reached skill level 11 in Throwing
 31710 | D:15     | Reached skill level 11 in Dodging
 31710 | D:15     | Reached skill level 11 in Stealth
 31710 | D:15     | Reached skill level 11 in Shields
 31710 | D:15     | Reached skill level 11 in Spellcasting
 31747 | D:15     | Found a staircase to the Depths.
 32305 | Elf:1    | Entered Level 1 of the Elven Halls
 32748 | Elf:1    | Reached skill level 15 in Unarmed Combat
 32773 | Elf:1    | Found a radiant altar of Vehumet.
 32796 | Elf:1    | Reached skill level 12 in Fighting
 32796 | Elf:1    | Reached skill level 12 in Bows
 32796 | Elf:1    | Reached skill level 12 in Evocations
 33059 | Elf:1    | Noticed Nikola
 33071 | Elf:1    | Killed Nikola
 33461 | Elf:1    | Paralysed by an air elemental for 1 turns
 33599 | Elf:1    | Found Yroimis's Book Emporium.
 33647 | Elf:1    | Paralysed by an air elemental for 1 turns
 33650 | Elf:1    | Paralysed by an air elemental for 1 turns
 33945 | Elf:1    | Reached skill level 13 in Armour
 34014 | Elf:1    | You add the spells Dazzling Flash, Mephitic Cloud and Orb
                  | of Destruction to your library.
 34014 | Elf:1    | Got Vehumet's Volume of Confrontation
 34031 | Elf:1    | Reached XP level 17. HP: 133/133 MP: 2/32
 34253 | Elf:1    | Found an ancient bone altar of Kikubaaqudgha.
 34336 | Elf:1    | Identified the +0 buckler of Boidik {Will- Dex+4}
 35010 | Elf:2    | Paralysed by an air elemental for 1 turns
 35216 | Elf:2    | You pick up a book of Flames and begin reading...
 35216 | Elf:2    | You add the spells Foxfire, Conjure Flame, Inner Flame and
                  | Flame Wave to your library.
 35286 | Elf:2    | Paralysed by an air elemental for 1 turns
 35380 | Elf:2    | You pick up a book of Dangerous Friends and begin
                  | reading...
 35380 | Elf:2    | You add the spells Summon Guardian Golem and Spellforged
                  | Servitor to your library.
 35595 | Elf:2    | Found a runed translucent gate.
 35596 | Elf:2    | Found a runed translucent gate.
 35596 | Elf:2    | Found a runed translucent gate.
 35895 | Elf:2    | Reached skill level 13 in Invocations
 35899 | Elf:2    | HP: 31/135 [deep elf knight/+3 scimitar (5)]
 35913 | Elf:2    | HP: 22/135 [something/lance of force (15)]
 36448 | Elf:2    | Reached skill level 16 in Unarmed Combat
 36554 | Elf:2    | Reached skill level 10 in Conjurations
 36554 | Elf:2    | Reached skill level 10 in Hexes
 36554 | Elf:2    | Reached skill level 10 in Summonings
 36554 | Elf:2    | Reached skill level 10 in Necromancy
 36554 | Elf:2    | Reached skill level 10 in Translocations
 36554 | Elf:2    | Reached skill level 10 in Transmutations
 36554 | Elf:2    | Reached skill level 10 in Fire Magic
 36554 | Elf:2    | Reached skill level 10 in Ice Magic
 36554 | Elf:2    | Reached skill level 10 in Air Magic
 36554 | Elf:2    | Reached skill level 10 in Earth Magic
 36554 | Elf:2    | Reached skill level 10 in Poison Magic
 36555 | Elf:2    | w - a +3 vampiric executioner's axe {axerare=g}
 37206 | Elf:3    | Entered Level 3 of the Elven Halls
 37252 | Elf:3    | Noticed a lich
 37254 | Elf:3    | Noticed an ancient lich
 37259 | Elf:3    | HP: 25/135 [disintegration (52)]
 37260 | Elf:3    | Noticed a lich
 37273 | Elf:3    | HP: 31/135 [+2 scimitar of freezing (3)]
 37278 | Elf:3    | HP: 11/135 [deep elf zephyrmancer/bolt of lightning (22)]
 37287 | Elf:3    | Killed from afar by an ancient lich

Vanquished Creatures
  Nikola (Elf:1)
  Kirke (D:12)
  Louise (D:15)
  An orc warlord (Orc:1)
  A deep elf demonologist (Elf:1)
  A deep elf annihilator (Elf:1)
  Snorg (Orc:1)
  Fannar (Lair:1)
  A yaktaur captain (D:14)
  Harold (Orc:1)
  8 hydras
  15 two-headed ogres
  3 boulder beetles
  2 catoblepae
  An ogre mage (D:12)
  5 centaur warriors
  8 death yaks (Lair:6)
  An orc high priest (Orc:2)
  21 dancing weapons
  Urug (Orc:2)
  13 deep elf knights
  A spriggan (Lair:6)
  Sonja (Orc:1)
  10 deep elf archers
  2 wizards (D:15)
  23 deep elf pyromancers
  26 deep elf zephyrmancers
  A wolf spider (Lair:6)
  A necromancer (D:15)
  4 orc sorcerers
  A wolf spider zombie (D:15)
  4 manticores
  10 ugly things
  4 cyclopes
  4 elephants (Lair:4)
  16 black mambas
  22 cane toads
  A naga mage (D:15)
  Maurice (D:13)
  3 gargoyles
  A torpor snail (Lair:6)
  An unseen horror (D:11)
  Psyche (D:11)
  A rime drake (Lair:6)
  3 centaur skeletons (D:15)
  An efreet (D:15)
  8 komodo dragons
  A freezing wraith (D:15)
  2 yaktaurs (D:14)
  6 trolls
  A merfolk (shapeshifter) (Elf:1)
  3 polar bears
  A wolf spider simulacrum (D:15)
  6 hornets
  A raiju (Lair:6)
  10 dream sheep (Lair:5)
  17 blink frogs
  4 air elementals
  A vampire (D:11)
  14 wyverns
  5 wraiths
  3 hogs (D:12)
  3 basilisks
  15 vampire mosquitoes
  63 yaks
  5 wargs
  A steam dragon (D:9)
  A swamp worm (shapeshifter) (Elf:1)
  28 water moccasins
  2 hell hounds (Lair:6)
  23 orc warriors
  A sky beast (D:7)
  7 ice beasts (D:9)
  6 black bears
  46 wolves
  10 centaurs
  9 ogres
  A kobold brigand (D:11)
  21 bullfrogs
  Blork the orc (D:4)
  4 earth elementals
  6 scorpions
  A gnoll sergeant (D:12)
  2 necrophages
  3 wights (D:7)
  2 howler monkeys
  11 electric eels
  9 hounds
  A gnoll shaman (D:6)
  17 orc priests
  5 jellies
  3 iguanas
  25 orc wizards
  Ijyb (D:3)
  5 hell rats (Lair:6)
  8 gnolls
  7 adders
  5 river rats
  A white imp (D:7)
  A worm (D:3)
  72 orcs
  2 endoplasms (D:4)
  9 giant cockroaches
  11 hobgoblins
  4 jackals (D:2)
  4 quokkas
  6 ball pythons
  6 bats
  6 frilled lizards
  6 goblins
  15 kobolds
  15 rats
830 creatures vanquished.

Vanquished Creatures (collateral kills)
  Jorgrun (D:12)
  An orc warlord (Orc:2)
  A deep elf annihilator (Elf:2)
  An ogre mage (D:15)
  3 deep elf zephyrmancers
  5 ugly things
  3 deep elf pyromancers
  2 orc knights (Orc:2)
  A cyclops (D:15)
  A cane toad (Lair:6)
  A guardian serpent (Lair:6)
  A polar bear (Lair:6)
  A hornet (Lair:6)
  A basilisk (D:12)
  A water elemental (Elf:2)
  A yak (Lair:6)
  A hog (D:12)
  A redback (Lair:6)
  A warg (Orc:1)
  2 water moccasins (Lair:6)
  3 hell hounds (Lair:6)
  An orc warrior (Orc:2)
  3 black bears (Lair:6)
  4 wolves (Lair:6)
  An orc priest (Orc:2)
  2 orc wizards
  15 orcs
59 creatures vanquished.

Vanquished Creatures (others)
  An air elemental (Elf:1)
  An orc wizard (D:14)
  2 bushes
  78 fungi
  119 plants
201 creatures vanquished.

Grand Total: 1090 creatures vanquished

Table legend:
 A = Non-vault XP
 B = Vault XP
 C = Vault XP percentage of total XP
 D = Non-vault monster count
 E = Vault monster count
 F = Vault count percentage of total count
                 A         B        C        D         E       F
            +---------+---------+-------+---------+---------+-------
      Total |  143175 |   89342 |  38.4 |     591 |     299 |  33.6
            +---------+---------+-------+---------+---------+-------
        D:1 |      26 |       0 |   0.0 |      18 |       0 |   0.0
        D:2 |      92 |       0 |   0.0 |      23 |       0 |   0.0
        D:3 |      53 |      33 |  38.4 |      19 |       1 |   5.0
        D:4 |     451 |      91 |  16.8 |      24 |       1 |   4.0
        D:5 |     607 |      95 |  13.5 |       8 |       6 |  42.9
        D:6 |     888 |     131 |  12.9 |      25 |       2 |   7.4
        D:7 |    1173 |     335 |  22.2 |      20 |       4 |  16.7
        D:8 |     685 |     830 |  54.8 |      16 |       8 |  33.3
        D:9 |    1990 |    1330 |  40.1 |      14 |      29 |  67.4
       D:10 |    4421 |       0 |   0.0 |      30 |       0 |   0.0
       D:11 |    5120 |     383 |   7.0 |      20 |       1 |   4.8
       D:12 |   11146 |    4139 |  27.1 |      26 |       6 |  18.8
       D:13 |    7544 |     426 |   5.3 |      20 |       1 |   4.8
       D:14 |   11483 |    1549 |  11.9 |      27 |       3 |  10.0
       D:15 |    9588 |    6226 |  39.4 |      17 |      11 |  39.3
     Lair:1 |    8208 |     891 |   9.8 |      32 |       1 |   3.0
     Lair:2 |    4796 |    1048 |  17.9 |      24 |       6 |  20.0
     Lair:3 |    3028 |    3914 |  56.4 |      14 |      13 |  48.1
     Lair:4 |    6705 |       0 |   0.0 |      23 |       0 |   0.0
     Lair:5 |    7657 |       0 |   0.0 |      31 |       0 |   0.0
     Lair:6 |   19428 |   17921 |  48.0 |      59 |      89 |  60.1
      Orc:1 |    4028 |    2578 |  39.0 |      30 |       3 |   9.1
      Orc:2 |     731 |    7084 |  90.6 |      13 |      38 |  74.5
      Elf:1 |   15685 |    9989 |  38.9 |      28 |      13 |  31.7
      Elf:2 |   15252 |   22254 |  59.3 |      26 |      30 |  53.6
      Elf:3 |    2390 |    8002 |  77.0 |       4 |      13 |  76.5
      Sewer |       0 |      93 | 100.0 |       0 |      20 | 100.0
            +---------+---------+-------+---------+---------+-------

Illustrated notes

Table legend:
 A = Kills in this place as a percentage of kills in entire the game.
 B = Kills by you in this place as a percentage of kills by you in the entire game.
 C = Kills by friends in this place as a percentage of kills by friends in the entire game.
 D = Other kills in this place as a percentage of other kills in the entire game.
 E = Experience gained in this place as a percentage of experience gained in the entire game.
 F = Experience gained in this place divided by the number of levels of this place that you have seen.
                   A       B       C       D       E      F
               +-------+-------+-------+-------+-------+----------------------
         Total | 100.0 | 100.0 | 100.0 | 100.0 | 100.0 | 8304.2
       Dungeon |  42.7 |  43.6 |  30.5 |   0.0 |  30.5 | 4722.3
          Lair |  32.8 |  33.0 |  30.5 |   0.0 |  31.7 | 12266.0
  Orcish Mines |   9.4 |   8.3 |  25.4 |   0.0 |   6.2 | 7210.5
   Elven Halls |  12.8 |  12.7 |  13.6 | 100.0 |  31.6 | 24524.0
         Sewer |   2.2 |   2.4 |   0.0 |   0.0 |   0.0 |  93.0
               +-------+-------+-------+-------+-------+----------------------

Table legend: (Time is in decaauts)
 A = Elapsed time spent in this place.
 B = Non-inter-level travel time spent in this place.
 C = Inter-level travel time spent in this place.
 D = Time resting spent in this place.
 E = Time spent auto-exploring this place.
 F = Levels seen in this place.
 G = Mean time per level.
                   A        B        C        D        E       F      G
               +--------+--------+--------+--------+--------+-----+--------+
         Total |  48628 |  45959 |   2669 |  12434 |  27672 |  28 | 1736.7 |
       Dungeon |  22736 |  21404 |   1332 |   4917 |  13825 |  15 | 1515.7 |
        Temple |    201 |    153 |     48 |      0 |    140 |   1 |  201.0 |
          Lair |  15100 |  14300 |    800 |   4219 |   8318 |   6 | 2516.7 |
  Orcish Mines |   3829 |   3624 |    205 |   1043 |   1976 |   2 | 1914.5 |
   Elven Halls |   6438 |   6155 |    283 |   2255 |   3194 |   3 | 2146.0 |
         Sewer |    321 |    321 |      0 |      0 |    217 |   1 |  321.0 |
               +--------+--------+--------+--------+--------+-----+--------+

Top non-repeatable levels by time:
   Elf:1: 3597 daAuts
  Lair:6: 3591 daAuts
  Lair:1: 2843 daAuts
    D:14: 2806 daAuts
   Elf:2: 2732 daAuts
     D:8: 2693 daAuts
   Orc:2: 2354 daAuts
  Lair:5: 2321 daAuts
  Lair:3: 2269 daAuts
     D:7: 2245 daAuts
  Lair:2: 2077 daAuts
  Lair:4: 1998 daAuts
    D:15: 1944 daAuts
    D:11: 1788 daAuts
    D:13: 1737 daAuts
